Blackhawks vs Flames

Created - February 6, 2021 at 20:02

Goals
1 2 3 T
Blackhawks 0 2 5 7
Flames 1 1 2 4
Shots
1 2 3 T
Blackhawks 9 9 16 34
Flames 6 11 13 30

1st period

1. Flames , Brad Marchand 11 (Kyle Palmieri 7, Brendan Mikkelson 3) at 11:51

Penalties :
Brendan Mikkelson (Cal) for Delaying the game (Minor) at 12:48, Colby Robak (Cal) for Holding (Minor) at 19:53

2nd period

2. Blackhawks , Cody Hodgson 5 (Matthew Spiller 4, Brad Boyes 13) at 13:52
3. Blackhawks , Derick Brassard 21 (Antoine Roussel 24, John Carlson 27) at 16:39
4. Flames , David Backes 15 (Derek Meech 10, Eric Staal 34) at 16:48

Penalties :
Derick Brassard (Chi) for Hooking (Minor) at 7:47, Alexander Radulov (Cal) for Checking from behind (Minor) at 14:05

3rd period

5. Blackhawks , Antoine Roussel 22 (Brent Seabrook 10, Derick Brassard 35) at 0:08
6. Blackhawks , Derick Brassard 22 (Antoine Roussel 25, Rick Nash 20) at 2:16
7. Blackhawks , Patrick Marleau 3 (Ryan Whitney 7, Gustav Nyquist 2) at 6:13
8. Flames , Alexander Semin 21 (Eric Staal 35, David Backes 21) at 6:23
9. Flames , Patrik Berglund 13 (Jimmy Hayes 12, Erik Johnson 19) at 8:24 (PP)
10. Blackhawks , Derick Brassard 23 (Antoine Roussel 26) at 14:06 (PP)
11. Blackhawks , Gustav Nyquist 9 (Patrick Marleau 15, John Carlson 28) at 19:22

Penalties :
Derek Meech (Cal) for Tripping (Minor) at 2:59, Brad Boyes (Chi) for Holding (Minor) at 7:02, Anders Lee (Cal) for High sticking (Minor) at 14:03, Alexander Semin (Cal) for Roughing (Minor) at 15:27, Johnny Gaudreau (Chi) for Hooking (Minor) at 19:54

Goalie Stats

Jimmy Howard (Chi), 26 saves from 30 shots - (0.867), W, 16-15-2, 60:00 minutes
Henrik Lundqvist (Cal), 27 saves from 34 shots - (0.794), L, 22-10-3, 60:00 minutes

Players Stats for Blackhawks

Player Name              G  A  P  +/- PIM S  H  SB GA TA FO     MP     PP MP  PK MP  
------------------------------------------------------------------------------------
Antoine Roussel          1  3  4   0  0   6  3  0  1  0  4/7    22:58   5:05   2:32 
Brad Boyes               0  1  1   1  2   1  0  0  0  0  0/2    17:16   4:22   0:00 
Brent Seabrook           0  1  1   1  0   3  1  1  0  0  0/0    27:13   6:00   1:59 
Cody Hodgson             1  0  1   1  0   4  1  1  0  0  11/16  17:17   4:22   0:00 
Derick Brassard          3  1  4   0  2   7  1  1  0  0  15/32  21:30   5:05   1:03 
Gabriel Bourque          0  0  0   0  0   0  1  0  1  0  0/0     8:38   0:00   0:05 
Garnet Hathaway          0  0  0   0  0   1  0  1  0  0  0/0     9:08   0:31   0:00 
Gustav Nyquist           1  1  2   2  0   1  0  0  0  0  0/1     9:41   0:00   0:00 
John Carlson             0  2  2   1  0   0  2  0  0  2  0/0    27:13   6:00   1:59 
Johnny Gaudreau          0  0  0   1  2   1  1  0  0  1  1/1    18:35   4:22   1:19 
Matthew Spiller          0  1  1   3  0   0  1  0  0  0  0/0    10:44   0:00   0:00 
Mike Comrie              0  0  0   0  0   2  0  0  0  1  1/1     9:25   0:31   0:17 
Nick Leddy               0  0  0  -1  0   0  1  1  1  0  0/0    22:03   3:58   1:27 
Patrick Marleau          1  1  2   2  0   2  0  0  0  0  0/0    10:55   0:00   1:12 
Rick Nash                0  1  1   0  0   1  2  0  0  0  0/1    20:50   5:05   0:24 
Ryan Whitney             0  1  1   3  0   0  0  0  0  0  0/0    10:44   0:00   0:00 
Tim Connolly             0  0  0   2  0   2  0  0  0  1  1/5    10:18   0:31   0:00 
Torey Krug               0  0  0  -1  0   3  1  2  0  0  0/0    22:03   3:58   1:27 

Players Stats for Flames

Player Name              G  A  P  +/- PIM S  H  SB GA TA FO     MP     PP MP  PK MP  
------------------------------------------------------------------------------------
Alexander Radulov        0  0  0   0  2   1  3  1  0  0  0/0    15:37   2:14   0:00 
Alexander Semin          1  0  1   0  2   5  0  1  0  0  0/1    23:09   2:14   3:55 
Anders Lee               0  0  0  -1  2   1  2  1  0  0  2/4     8:50   0:00   0:11 
Brad Marchand            1  0  1   0  0   4  2  1  2  1  0/1    15:58   1:12   1:37 
Brendan Mikkelson        0  1  1   0  2   0  1  1  0  0  0/0    13:20   0:00   1:12 
Christian Folin          0  0  0   0  0   0  1  0  0  0  0/0    12:47   0:00   0:34 
Colby Robak              0  0  0  -1  2   0  0  1  0  0  0/0    20:34   1:03   3:09 
Colin Wilson             0  0  0  -2  0   1  2  0  0  0  4/7    13:00   0:00   4:53 
David Backes             1  1  2   0  0   7  1  1  0  0  1/3    20:52   0:00   4:39 
David Ullstrom           0  0  0  -1  0   2  0  0  0  1  0/0     8:49   0:00   0:00 
Derek Meech              0  1  1  -1  2   1  1  0  0  1  0/0    20:31   1:03   3:27 
Eric Staal               0  2  2   0  0   3  0  0  0  0  17/30  18:26   2:14   0:00 
Erik Johnson             0  1  1  -2  0   1  0  2  0  0  0/0    26:36   2:23   5:47 
Jimmy Hayes              0  1  1  -2  0   0  1  0  0  0  0/0     9:05   1:12   0:00 
Kyle Palmieri            0  1  1  -1  0   0  0  0  0  0  0/0     8:33   0:00   0:00 
Patrik Berglund          1  0  1   0  0   2  1  2  1  0  9/20   18:50   1:12   4:23 
Sami Vatanen             0  0  0  -2  0   2  2  1  1  0  0/0    26:36   2:23   5:47 
Steve Regier             0  0  0  -2  0   0  0  0  1  0  0/0     8:23   0:00   0:18 

3 Stars

1 - Derick Brassard (Chi)
2 - Antoine Roussel (Chi)
3 - Patrick Marleau (Chi)

Power Play

Blackhawks - 1 on 6 Attempt(s) - 16.67%
Flames - 1 on 3 Attempt(s) - 33.33%

Penalty Kill

Blackhawks - 2 on 3 Attempt(s) - 66.67% - Score 0 goal in Penalty Kill
Flames - 5 on 6 Attempt(s) - 83.33% - Score 0 goal in Penalty Kill

Team Stat

Blackhawks - Hits : 15 - Faceoff Wins : 33 - Blocked Shots : 7 - Penalty Minutes : 6
Flames - Hits : 17 - Faceoff Wins : 33 - Blocked Shots : 12 - Penalty Minutes : 12

Official

Referees : Unknown
Linesman : Unknown

Game Notes

Derick Brassard has scored a Hat Trick!

Finance

Level 1 -- Attendance: 4785 (79.75%) -- Ticket Income $531,135
Level 2 -- Attendance: 3799 (75.98%) -- Ticket Income $269,729
Level 3 -- Attendance: 1546 (77.30%) -- Ticket Income $71,116
Level 4 -- Attendance: 3033 (75.83%) -- Ticket Income $94,023
Luxury Box -- Attendance: 831 (83.10%) -- Ticket Income $162,876
Game was played at the Metal Center.
Total Attendance: 13994 (77.74%)
Total Ticket Income: $1,128,879
Other Income: $169,332
Total Income: $1,298,211

Blackhawks

5 vs 5 Forward 
   Center                   Left Wing                Right Wing               Time % Phy DF OF 
 1 Derick Brassard          Antoine Roussel          Rick Nash                40     1   2  2  
 2 Cody Hodgson             Johnny Gaudreau          Brad Boyes               30     1   2  2  
 3 Tim Connolly             Patrick Marleau          Gustav Nyquist           20     1   2  2  
 4 Mike Comrie              Gabriel Bourque          Garnet Hathaway          10     1   2  2  

5 vs 5 Defense 
   Defense                  Defense                                           Time % Phy DF OF 
 1 John Carlson             Brent Seabrook                                    40     1   2  2  
 2 Torey Krug               Nick Leddy                                        30     1   2  2  
 3 Matthew Spiller          Ryan Whitney                                      20     1   2  2  
 4 John Carlson             Brent Seabrook                                    10     1   2  2  

PowerPlay Forward 
   Center                   Left Wing                Right Wing               Time % Phy DF OF 
 1 Derick Brassard          Antoine Roussel          Rick Nash                60     1   2  2  
 2 Cody Hodgson             Johnny Gaudreau          Brad Boyes               40     1   2  2  

PowerPlay Defense
   Defense                  Defense                                           Time % Phy DF OF 
 1 John Carlson             Brent Seabrook                                    60     1   2  2  
 2 Torey Krug               Nick Leddy                                        40     1   2  2  

Penalty Kill 4 Players Forward 
   Center                   Wing                     Time % Phy DF OF 
 1 Antoine Roussel          Derick Brassard          60     1   2  2  
 2 Johnny Gaudreau          Rick Nash                40     1   2  2  

Penalty Kill 4 Players Defense
   Defense                  Defense                  Time % Phy DF OF 
 1 John Carlson             Brent Seabrook           60     1   2  2  
 2 Torey Krug               Nick Leddy               40     1   2  2  

Penalty Kill - 3 Players Forward 
   Forward                                           Time % Phy DF OF 
 1 Antoine Roussel                                   60     1   2  2  
 2 Derick Brassard                                   40     1   2  2  

Penalty Kill - 3 Players Defense
   Defense                  Defense                  Time % Phy DF OF 
 1 John Carlson             Brent Seabrook           60     1   2  2  
 2 Torey Krug               Nick Leddy               40     1   2  2  

4 vs 4 Forward 
   Center                   Wing                     Time % Phy DF OF 
 1 Antoine Roussel          Derick Brassard          60     1   2  2  
 2 Johnny Gaudreau          Rick Nash                40     1   2  2  

4 vs 4 Defense
   Defense                  Defense                  Time % Phy DF OF 
 1 John Carlson             Brent Seabrook           60     1   2  2  
 2 Torey Krug               Nick Leddy               40     1   2  2  

Last Minutes Offensive
   Center                   Left Wing                Right Wing               Defense                  Defense                  
   Derick Brassard          Antoine Roussel          Rick Nash                John Carlson             Brent Seabrook           

Last Minutes Defensive
   Center                   Left Wing                Right Wing               Defense                  Defense                  
   Derick Brassard          Antoine Roussel          Rick Nash                John Carlson             Brent Seabrook           

Goaltenders
Starting : Jimmy Howard             
Backup : Pekka Rinne              

Extra Forwards
Normal : Tim Connolly, Mike Comrie, Patrick Marleau - PP : Tim Connolly, Mike Comrie - PK : Patrick Marleau
Extra Defensemen
Normal : Matthew Spiller, Ryan Whitney, Torey Krug - PP : Matthew Spiller - PK : Ryan Whitney, Torey Krug
Penalty Shots
Antoine Roussel, Derick Brassard, Johnny Gaudreau, Rick Nash, Cody Hodgson

Scratches
None

Flames

5 vs 5 Forward 
   Center                   Left Wing                Right Wing               Time % Phy DF OF 
 1 Eric Staal               Alexander Semin          David Backes             40     1   2  2  
 2 Patrik Berglund          Brad Marchand            Alexander Radulov        33     1   2  2  
 3 Colin Wilson             Steve Regier             Jimmy Hayes              19     1   2  2  
 4 Anders Lee               David Ullstrom           Kyle Palmieri            8      1   2  2  

5 vs 5 Defense 
   Defense                  Defense                                           Time % Phy DF OF 
 1 Erik Johnson             Sami Vatanen                                      38     1   2  2  
 2 Derek Meech              Colby Robak                                       29     2   2  1  
 3 Christian Folin          Brendan Mikkelson                                 23     2   2  1  
 4 Derek Meech              Colby Robak                                       10     2   2  1  

PowerPlay Forward 
   Center                   Left Wing                Right Wing               Time % Phy DF OF 
 1 Eric Staal               Alexander Semin          Alexander Radulov        60     1   2  2  
 2 Patrik Berglund          Brad Marchand            Jimmy Hayes              40     1   2  2  

PowerPlay Defense
   Defense                  Defense                                           Time % Phy DF OF 
 1 Erik Johnson             Sami Vatanen                                      60     1   2  2  
 2 Derek Meech              Colby Robak                                       40     1   2  2  

Penalty Kill 4 Players Forward 
   Center                   Wing                     Time % Phy DF OF 
 1 Patrik Berglund          David Backes             50     1   3  1  
 2 Colin Wilson             Alexander Semin          50     1   3  1  

Penalty Kill 4 Players Defense
   Defense                  Defense                  Time % Phy DF OF 
 1 Erik Johnson             Sami Vatanen             58     1   3  1  
 2 Derek Meech              Colby Robak              42     1   3  1  

Penalty Kill - 3 Players Forward 
   Forward                                           Time % Phy DF OF 
 1 Eric Staal                                        50     1   4  0  
 2 Brad Marchand                                     50     1   4  0  

Penalty Kill - 3 Players Defense
   Defense                  Defense                  Time % Phy DF OF 
 1 Erik Johnson             Sami Vatanen             58     1   4  0  
 2 Derek Meech              Colby Robak              42     1   4  0  

4 vs 4 Forward 
   Center                   Wing                     Time % Phy DF OF 
 1 Eric Staal               Alexander Semin          60     2   2  1  
 2 Colin Wilson             Brad Marchand            40     2   2  1  

4 vs 4 Defense
   Defense                  Defense                  Time % Phy DF OF 
 1 Erik Johnson             Sami Vatanen             60     2   2  1  
 2 Derek Meech              Colby Robak              40     2   2  1  

Last Minutes Offensive
   Center                   Left Wing                Right Wing               Defense                  Defense                  
   Eric Staal               Alexander Semin          David Backes             Erik Johnson             Sami Vatanen             

Last Minutes Defensive
   Center                   Left Wing                Right Wing               Defense                  Defense                  
   Eric Staal               Alexander Semin          David Backes             Erik Johnson             Sami Vatanen             

Goaltenders
Starting : Henrik Lundqvist         
Backup : Christopher Gibson       

Extra Forwards
Normal : Brad Marchand, Alexander Semin, David Ullstrom - PP : David Ullstrom, Colin Wilson - PK : Brad Marchand
Extra Defensemen
Normal : Sami Vatanen, Derek Meech, Colby Robak - PP : Derek Meech - PK : Brendan Mikkelson, Christian Folin
Penalty Shots
Eric Staal, Alexander Semin, David Backes, Brad Marchand, Patrik Berglund

Scratches
None


% Time on Ice - Blackhawks

Lines # - Real PCT - Wanted PCT - Time Play
Normal Forward
1 - 33% - 40% - 15:29
2 - 28% - 30% - 12:55
3 - 21% - 20% - 9:41
4 - 18% - 10% - 8:31
Normal Defense
1 - 37% - 40% - 17:19
2 - 36% - 30% - 16:38
3 - 23% - 20% - 10:44
4 - 4% - 10% - 1:55
PP Forward
1 - 56% - 60% - 5:36
2 - 44% - 40% - 4:22
PP Defense
1 - 60% - 60% - 6:00
2 - 40% - 40% - 3:58
PK Forward
1 - 88% - 60% - 3:02
2 - 12% - 40% - 0:24
PK Defense
1 - 58% - 60% - 1:59
2 - 42% - 40% - 1:27
PK3 Forward
1 - 0% - 60%
2 - 0% - 40%
PK3 Defense
1 - 0% - 60%
2 - 0% - 40%
44 Forward
1 - 0% - 60%
2 - 0% - 40%
44 Defense
1 - 0% - 60%
2 - 0% - 40%
Last Minute Offensive  - 0:00
Last Minute Defensive  - 0:00
Total
Forward - 60:00
Defense - 60:00

% Time on Ice - Flames

Lines # - Real PCT - Wanted PCT - Time Play
Normal Forward
1 - 35% - 40% - 16:19
2 - 30% - 33% - 13:52
3 - 17% - 19% - 7:52
4 - 18% - 8% - 8:33
Normal Defense
1 - 40% - 38% - 18:26
2 - 29% - 29% - 13:26
3 - 26% - 23% - 12:08
4 - 6% - 10% - 2:36
PP Forward
1 - 65% - 60% - 2:14
2 - 35% - 40% - 1:12
PP Defense
1 - 69% - 60% - 2:23
2 - 31% - 40% - 1:03
PK Forward
1 - 49% - 50% - 4:54
2 - 51% - 50% - 5:04
PK Defense
1 - 58% - 58% - 5:47
2 - 42% - 42% - 4:11
PK3 Forward
1 - 0% - 50%
2 - 0% - 50%
PK3 Defense
1 - 0% - 58%
2 - 0% - 42%
44 Forward
1 - 0% - 60%
2 - 0% - 40%
44 Defense
1 - 0% - 60%
2 - 0% - 40%
Last Minute Offensive  - 0:00
Last Minute Defensive  - 0:00
Total
Forward - 60:00
Defense - 60:00

Play-by-Play

1st period


0:01 of 1st period - Derick Brassard wins face-off versus Eric Staal in neutral zone.
0:15 of 1st period - Snap shot by Derick Brassard.
0:15 of 1st period - Stopped by Henrik Lundqvist with a rebound.
0:32 of 1st period - Off-side.
0:33 of 1st period - Cody Hodgson wins face-off versus Colin Wilson in neutral zone.
0:40 of 1st period - Snap shot by Brad Boyes.
0:40 of 1st period - Stopped by Henrik Lundqvist without a rebound.
0:41 of 1st period - Patrik Berglund wins face-off versus Cody Hodgson in Flames zone.
0:58 of 1st period - Slapshot by Cody Hodgson.
0:58 of 1st period - Stopped by Henrik Lundqvist without a rebound.
0:59 of 1st period - Tim Connolly wins face-off versus Anders Lee in Flames zone.
1:25 of 1st period - Matthew Spiller is hit by Derek Meech and loses puck.
1:37 of 1st period - Icing by Colby Robak.
1:38 of 1st period - Eric Staal wins face-off versus Derick Brassard in Flames zone.
1:38 of 1st period - Eric Staal is hit by Antoine Roussel.
1:54 of 1st period - Wrist shot by Derick Brassard.
1:54 of 1st period - Stopped by Henrik Lundqvist without a rebound.
1:55 of 1st period - Patrik Berglund wins face-off versus Cody Hodgson in Flames zone.
2:10 of 1st period - Snap shot by Patrik Berglund.
2:10 of 1st period - Shot Blocked by Torey Krug.
2:55 of 1st period - Snap shot by Derick Brassard.
2:55 of 1st period - Stopped by Henrik Lundqvist with a rebound.
2:57 of 1st period - Snap shot by Antoine Roussel.
2:57 of 1st period - Shot Blocked by Brendan Mikkelson.
4:02 of 1st period - Matthew Spiller is hit by Colin Wilson and loses puck.
5:03 of 1st period - Gabriel Bourque is hit by Anders Lee and loses puck.
5:21 of 1st period - Icing by Torey Krug.
5:22 of 1st period - Colin Wilson wins face-off versus Tim Connolly in Blackhawks zone.
6:34 of 1st period - Brad Marchand is hit by Brent Seabrook and loses puck.
6:41 of 1st period - Brent Seabrook is hit by Patrik Berglund and loses puck.
7:24 of 1st period - Snap shot by Antoine Roussel.
7:24 of 1st period - Shot Misses the Net.
7:32 of 1st period - Wrist shot by David Ullstrom.
7:32 of 1st period - Shot Misses the Net.
7:34 of 1st period - Wrist shot by Anders Lee.
7:34 of 1st period - Deflect By David Ullstrom.
7:34 of 1st period - Stopped by Jimmy Howard with a rebound.
7:36 of 1st period - Slapshot by Kyle Palmieri.
7:36 of 1st period - Deflect By Johnny Gaudreau.
7:36 of 1st period - Shot Misses the Net.
7:36 of 1st period - Puck is out of play.
7:37 of 1st period - Cody Hodgson wins face-off versus Eric Staal in Blackhawks zone.
7:37 of 1st period - Cody Hodgson is hit by David Backes.
8:09 of 1st period - Off-side.
8:10 of 1st period - Derick Brassard wins face-off versus Patrik Berglund in neutral zone.
8:15 of 1st period - Wrist shot by Antoine Roussel.
8:15 of 1st period - Shot Misses the Net.
8:17 of 1st period - Snap shot by Matthew Spiller.
8:17 of 1st period - Shot Misses the Net.
8:44 of 1st period - Slapshot by Brad Boyes.
8:44 of 1st period - Shot Misses the Net.
9:15 of 1st period - Snap shot by David Backes.
9:15 of 1st period - Stopped by Jimmy Howard with a rebound.
10:00 of 1st period - Alexander Semin is hit by Gabriel Bourque and loses puck.
10:40 of 1st period - Wrist shot by David Backes.
10:40 of 1st period - Deflect By Eric Staal.
10:40 of 1st period - Shot Hit the Post.
10:40 of 1st period - Puck is out of play.
10:41 of 1st period - Derick Brassard wins face-off versus Brad Marchand in Blackhawks zone.
11:51 of 1st period - Snap shot by Brad Marchand.
11:51 of 1st period - Goal by Brad Marchand - Blackhawks : 0 - Flames : 1.
11:52 of 1st period - Derick Brassard wins face-off versus Patrik Berglund in neutral zone.
11:52 of 1st period - Derick Brassard is hit by Brad Marchand.
11:56 of 1st period - Patrik Berglund is hit by Derick Brassard and loses puck.
12:16 of 1st period - Derick Brassard is hit by Brendan Mikkelson.
12:46 of 1st period - Wrist shot by Antoine Roussel.
12:46 of 1st period - Shot Misses the Net.
12:48 of 1st period - Minor Penalty to Brendan Mikkelson for Delaying the game.
12:49 of 1st period - Cody Hodgson wins face-off versus Colin Wilson in Flames zone.
14:20 of 1st period - Erik Johnson is hit by Johnny Gaudreau and loses puck.
14:48 of 1st period - Penalty to Brendan Mikkelson is over, Brendan Mikkelson is back on ice.
15:15 of 1st period - Nick Leddy is hit by Alexander Radulov and loses puck.
15:32 of 1st period - Slapshot by Mike Comrie.
15:32 of 1st period - Shot Misses the Net.
15:34 of 1st period - Backhand shot by Torey Krug.
15:34 of 1st period - Stopped by Henrik Lundqvist without a rebound.
15:35 of 1st period - Cody Hodgson wins face-off versus Anders Lee in Flames zone.
15:38 of 1st period - Wrist shot by Cody Hodgson.
15:38 of 1st period - Stopped by Henrik Lundqvist with a rebound.
15:40 of 1st period - Slapshot by Brent Seabrook.
15:40 of 1st period - Stopped by Henrik Lundqvist with a rebound.
15:48 of 1st period - Brendan Mikkelson is hit by John Carlson and loses puck.
16:26 of 1st period - Snap shot by David Backes.
16:26 of 1st period - Stopped by Jimmy Howard with a rebound.
17:43 of 1st period - Kyle Palmieri is hit by Antoine Roussel and loses puck.
17:52 of 1st period - Snap shot by Colby Robak.
17:52 of 1st period - Deflect By Anders Lee.
17:52 of 1st period - Stopped by Jimmy Howard without a rebound.
17:53 of 1st period - Cody Hodgson wins face-off versus David Backes in Blackhawks zone.
18:50 of 1st period - Wrist shot by Patrick Marleau.
18:50 of 1st period - Stopped by Henrik Lundqvist with a rebound.
19:28 of 1st period - Wrist shot by David Backes.
19:28 of 1st period - Stopped by Jimmy Howard with a rebound.
19:41 of 1st period - John Carlson is hit by Alexander Radulov and loses puck.
19:53 of 1st period - Minor Penalty to Colby Robak for Holding.
19:54 of 1st period - Patrik Berglund wins face-off versus Derick Brassard in Flames zone.
Goals for this period are 0 for Blackhawks vs 1 for Flames.
Shots for this period are 9 for Blackhawks vs 6 for Flames.

2nd period


0:01 of 2nd period - Derick Brassard wins face-off versus Patrik Berglund in neutral zone.
0:06 of 2nd period - Wrist shot by Derick Brassard.
0:06 of 2nd period - Deflect By Antoine Roussel.
0:06 of 2nd period - Shot Blocked by Erik Johnson.
0:06 of 2nd period - Puck is out of play.
0:07 of 2nd period - Patrik Berglund wins face-off versus Derick Brassard in Flames zone.
0:16 of 2nd period - Wrist shot by Alexander Semin.
0:16 of 2nd period - Shot Blocked by Derick Brassard.
0:24 of 2nd period - Wrist shot by Alexander Semin.
0:24 of 2nd period - Shot Blocked by Brent Seabrook.
0:26 of 2nd period - Wrist shot by Alexander Semin.
0:26 of 2nd period - Stopped by Jimmy Howard with a rebound.
1:53 of 2nd period - Penalty to Colby Robak is over, Colby Robak is back on ice.
2:04 of 2nd period - John Carlson is hit by Colin Wilson and loses puck.
2:21 of 2nd period - Mike Comrie is hit by Christian Folin and loses puck.
2:30 of 2nd period - Wrist shot by Kyle Palmieri.
2:30 of 2nd period - Deflect By David Ullstrom.
2:30 of 2nd period - Stopped by Jimmy Howard with a rebound.
5:08 of 2nd period - Alexander Semin is hit by John Carlson and loses puck.
5:37 of 2nd period - Brad Marchand is hit by Nick Leddy and loses puck.
5:44 of 2nd period - Rick Nash is hit by Brad Marchand and loses puck.
7:29 of 2nd period - Icing by Erik Johnson.
7:30 of 2nd period - Cody Hodgson wins face-off versus Eric Staal in Flames zone.
7:47 of 2nd period - Minor Penalty to Derick Brassard for Hooking.
7:48 of 2nd period - Antoine Roussel wins face-off versus Eric Staal in Blackhawks zone.
8:23 of 2nd period - Wrist shot by Brad Marchand.
8:23 of 2nd period - Stopped by Jimmy Howard without a rebound.
8:24 of 2nd period - Eric Staal wins face-off versus Antoine Roussel in Blackhawks zone.
8:29 of 2nd period - Wrist shot by Alexander Semin.
8:29 of 2nd period - Shot Blocked by Nick Leddy.
8:31 of 2nd period - Backhand shot by Erik Johnson.
8:31 of 2nd period - Deflect By Nick Leddy.
8:31 of 2nd period - Stopped by Jimmy Howard without a rebound.
8:32 of 2nd period - Eric Staal wins face-off versus Antoine Roussel in Blackhawks zone.
8:37 of 2nd period - Wrist shot by Eric Staal.
8:37 of 2nd period - Stopped by Jimmy Howard with a rebound.
8:39 of 2nd period - Slapshot by Alexander Semin.
8:39 of 2nd period - Deflect By Eric Staal.
8:39 of 2nd period - Stopped by Jimmy Howard with a rebound.
8:41 of 2nd period - Wrist shot by Erik Johnson.
8:41 of 2nd period - Shot Blocked by Torey Krug.
8:43 of 2nd period - Backhand shot by Sami Vatanen.
8:43 of 2nd period - Stopped by Jimmy Howard without a rebound.
8:44 of 2nd period - Antoine Roussel wins face-off versus Eric Staal in Blackhawks zone.
8:59 of 2nd period - Snap shot by Alexander Semin.
8:59 of 2nd period - Stopped by Jimmy Howard with a rebound.
9:47 of 2nd period - Penalty to Derick Brassard is over, Derick Brassard is back on ice.
10:16 of 2nd period - Wrist shot by Steve Regier.
10:16 of 2nd period - Shot Blocked by Garnet Hathaway.
10:28 of 2nd period - Wrist shot by Antoine Roussel.
10:28 of 2nd period - Deflect By Rick Nash.
10:28 of 2nd period - Stopped by Henrik Lundqvist with a rebound.
11:19 of 2nd period - Wrist shot by Steve Regier.
11:19 of 2nd period - Shot Misses the Net.
11:21 of 2nd period - Slapshot by Sami Vatanen.
11:21 of 2nd period - Stopped by Jimmy Howard with a rebound.
11:23 of 2nd period - Wrist shot by Colin Wilson.
11:23 of 2nd period - Shot Misses the Net.
12:13 of 2nd period - Kyle Palmieri is hit by Antoine Roussel and loses puck.
12:34 of 2nd period - Snap shot by Johnny Gaudreau.
12:34 of 2nd period - Stopped by Henrik Lundqvist with a rebound.
12:36 of 2nd period - Slapshot by Torey Krug.
12:36 of 2nd period - Stopped by Henrik Lundqvist without a rebound.
12:37 of 2nd period - David Backes wins face-off versus Brad Boyes in Flames zone.
12:46 of 2nd period - Wrist shot by Johnny Gaudreau.
12:46 of 2nd period - Shot Blocked by Erik Johnson.
12:52 of 2nd period - Wrist shot by Johnny Gaudreau.
12:52 of 2nd period - Shot Misses the Net.
12:56 of 2nd period - Backhand shot by Johnny Gaudreau.
12:56 of 2nd period - Shot Blocked by Sami Vatanen.
12:58 of 2nd period - Slapshot by Brent Seabrook.
12:58 of 2nd period - Shot Misses the Net.
13:00 of 2nd period - Snap shot by Cody Hodgson.
13:00 of 2nd period - Shot Blocked by David Backes.
13:02 of 2nd period - Slapshot by Matthew Spiller.
13:02 of 2nd period - Shot Misses the Net.
13:32 of 2nd period - Snap shot by Johnny Gaudreau.
13:32 of 2nd period - Shot Misses the Net.
13:46 of 2nd period - Snap shot by Brad Boyes.
13:46 of 2nd period - Shot Blocked by Alexander Semin.
13:48 of 2nd period - Slapshot by Matthew Spiller.
13:48 of 2nd period - Shot Misses the Net.
13:50 of 2nd period - Slapshot by Cody Hodgson.
13:50 of 2nd period - Stopped by Henrik Lundqvist with a rebound.
13:52 of 2nd period - Snap shot by Cody Hodgson.
13:52 of 2nd period - Goal by Cody Hodgson - Blackhawks : 1 - Flames : 1.
13:53 of 2nd period - Derick Brassard wins face-off versus Patrik Berglund in neutral zone.
14:05 of 2nd period - Minor Penalty to Alexander Radulov for Checking from behind.
14:06 of 2nd period - Patrik Berglund wins face-off versus Derick Brassard in Flames zone.
14:06 of 2nd period - Patrik Berglund is hit by Rick Nash.
15:50 of 2nd period - Derek Meech is hit by Torey Krug.
16:05 of 2nd period - Penalty to Alexander Radulov is over, Alexander Radulov is back on ice.
16:08 of 2nd period - Wrist shot by Tim Connolly.
16:08 of 2nd period - Shot Misses the Net.
16:10 of 2nd period - Slapshot by Torey Krug.
16:10 of 2nd period - Stopped by Henrik Lundqvist without a rebound.
16:11 of 2nd period - Anders Lee wins face-off versus Tim Connolly in Flames zone.
16:23 of 2nd period - Off-side.
16:24 of 2nd period - Patrik Berglund wins face-off versus Derick Brassard in neutral zone.
16:37 of 2nd period - Snap shot by Antoine Roussel.
16:37 of 2nd period - Stopped by Henrik Lundqvist with a rebound.
16:39 of 2nd period - Wrist shot by Derick Brassard.
16:39 of 2nd period - Goal by Derick Brassard - Blackhawks : 2 - Flames : 1.
16:40 of 2nd period - Derick Brassard wins face-off versus David Backes in neutral zone.
16:42 of 2nd period - Off-side.
16:43 of 2nd period - Eric Staal wins face-off versus Derick Brassard in neutral zone.
16:48 of 2nd period - Wrist shot by David Backes.
16:48 of 2nd period - Goal by David Backes - Blackhawks : 2 - Flames : 2.
16:49 of 2nd period - Derick Brassard wins face-off versus Eric Staal in neutral zone.
17:21 of 2nd period - Slapshot by Sami Vatanen.
17:21 of 2nd period - Deflect By Patrik Berglund.
17:21 of 2nd period - Shot Misses the Net.
17:21 of 2nd period - Puck is out of play.
17:22 of 2nd period - Cody Hodgson wins face-off versus Patrik Berglund in Blackhawks zone.
17:22 of 2nd period - Cody Hodgson is hit by Alexander Radulov.
17:27 of 2nd period - Torey Krug is hit by Sami Vatanen.
17:40 of 2nd period - Icing by Brad Marchand.
17:41 of 2nd period - Patrik Berglund wins face-off versus Rick Nash in Flames zone.
18:02 of 2nd period - Snap shot by Patrik Berglund.
18:02 of 2nd period - Shot Misses the Net.
18:04 of 2nd period - Snap shot by Patrik Berglund.
18:04 of 2nd period - Stopped by Jimmy Howard without a rebound.
18:05 of 2nd period - Eric Staal wins face-off versus Cody Hodgson in Blackhawks zone.
18:44 of 2nd period - Off-side.
18:45 of 2nd period - Derick Brassard wins face-off versus Patrik Berglund in neutral zone.
18:48 of 2nd period - Snap shot by Antoine Roussel.
18:48 of 2nd period - Stopped by Henrik Lundqvist without a rebound.
18:49 of 2nd period - Derick Brassard wins face-off versus Patrik Berglund in Flames zone.
18:56 of 2nd period - Snap shot by Derick Brassard.
18:56 of 2nd period - Shot Misses the Net.
19:15 of 2nd period - Icing by Patrik Berglund.
19:16 of 2nd period - Cody Hodgson wins face-off versus Eric Staal in Flames zone.
Goals for this period are 2 for Blackhawks vs 1 for Flames.
Shots for this period are 9 for Blackhawks vs 11 for Flames.

3rd period


0:01 of 3rd period - Derick Brassard wins face-off versus Eric Staal in neutral zone.
0:04 of 3rd period - Snap shot by Brent Seabrook.
0:04 of 3rd period - Deflect By Alexander Semin.
0:04 of 3rd period - Stopped by Henrik Lundqvist with a rebound.
0:06 of 3rd period - Slapshot by Antoine Roussel.
0:06 of 3rd period - Stopped by Henrik Lundqvist with a rebound.
0:08 of 3rd period - Wrist shot by Antoine Roussel.
0:08 of 3rd period - Goal by Antoine Roussel - Blackhawks : 3 - Flames : 2.
0:09 of 3rd period - Eric Staal wins face-off versus Derick Brassard in neutral zone.
0:12 of 3rd period - Slapshot by Derek Meech.
0:12 of 3rd period - Deflect By David Backes.
0:12 of 3rd period - Stopped by Jimmy Howard with a rebound.
0:14 of 3rd period - Snap shot by Alexander Semin.
0:14 of 3rd period - Stopped by Jimmy Howard without a rebound.
0:15 of 3rd period - Eric Staal wins face-off versus Derick Brassard in Blackhawks zone.
0:46 of 3rd period - Snap shot by Brad Marchand.
0:46 of 3rd period - Stopped by Jimmy Howard with a rebound.
1:03 of 3rd period - Wrist shot by Garnet Hathaway.
1:03 of 3rd period - Stopped by Henrik Lundqvist without a rebound.
1:04 of 3rd period - Mike Comrie wins face-off versus Eric Staal in Flames zone.
1:17 of 3rd period - Snap shot by Mike Comrie.
1:17 of 3rd period - Stopped by Henrik Lundqvist with a rebound.
1:19 of 3rd period - Slapshot by Mike Comrie.
1:19 of 3rd period - Stopped by Henrik Lundqvist with a rebound.
1:31 of 3rd period - Snap shot by Antoine Roussel.
1:31 of 3rd period - Stopped by Henrik Lundqvist without a rebound.
1:32 of 3rd period - Colin Wilson wins face-off versus Derick Brassard in Flames zone.
1:37 of 3rd period - Snap shot by Derek Meech.
1:37 of 3rd period - Deflect By Antoine Roussel.
1:37 of 3rd period - Stopped by Jimmy Howard with a rebound.
2:12 of 3rd period - Snap shot by Derick Brassard.
2:12 of 3rd period - Shot Misses the Net.
2:14 of 3rd period - Wrist shot by Antoine Roussel.
2:14 of 3rd period - Stopped by Henrik Lundqvist with a rebound.
2:16 of 3rd period - Wrist shot by Derick Brassard.
2:16 of 3rd period - Goal by Derick Brassard - Blackhawks : 4 - Flames : 2.
2:17 of 3rd period - Eric Staal wins face-off versus Brad Boyes in neutral zone.
2:35 of 3rd period - Off-side.
2:36 of 3rd period - Derick Brassard wins face-off versus Patrik Berglund in neutral zone.
2:43 of 3rd period - Wrist shot by Antoine Roussel.
2:43 of 3rd period - Shot Blocked by Brad Marchand.
2:45 of 3rd period - Snap shot by Antoine Roussel.
2:45 of 3rd period - Shot Blocked by Colby Robak.
2:47 of 3rd period - Wrist shot by Rick Nash.
2:47 of 3rd period - Shot Blocked by Alexander Radulov.
2:49 of 3rd period - Wrist shot by Derick Brassard.
2:49 of 3rd period - Stopped by Henrik Lundqvist with a rebound.
2:51 of 3rd period - Slapshot by Rick Nash.
2:51 of 3rd period - Shot Blocked by Patrik Berglund.
2:59 of 3rd period - Minor Penalty to Derek Meech for Tripping.
3:00 of 3rd period - Colin Wilson wins face-off versus Derick Brassard in Flames zone.
4:59 of 3rd period - Penalty to Derek Meech is over, Derek Meech is back on ice.
5:11 of 3rd period - Wrist shot by Tim Connolly.
5:11 of 3rd period - Stopped by Henrik Lundqvist without a rebound.
5:12 of 3rd period - Anders Lee wins face-off versus Tim Connolly in Flames zone.
6:07 of 3rd period - Wrist shot by Tim Connolly.
6:07 of 3rd period - Stopped by Henrik Lundqvist with a rebound.
6:09 of 3rd period - Snap shot by Gustav Nyquist.
6:09 of 3rd period - Shot Blocked by Anders Lee.
6:11 of 3rd period - Slapshot by Ryan Whitney.
6:11 of 3rd period - Shot Misses the Net.
6:13 of 3rd period - Slapshot by Patrick Marleau.
6:13 of 3rd period - Goal by Patrick Marleau - Blackhawks : 5 - Flames : 2.
6:14 of 3rd period - Eric Staal wins face-off versus Derick Brassard in neutral zone.
6:21 of 3rd period - Snap shot by Alexander Semin.
6:21 of 3rd period - Stopped by Jimmy Howard with a rebound.
6:23 of 3rd period - Snap shot by Alexander Semin.
6:23 of 3rd period - Goal by Alexander Semin - Blackhawks : 5 - Flames : 3.
6:24 of 3rd period - Eric Staal wins face-off versus Derick Brassard in neutral zone.
6:37 of 3rd period - Snap shot by David Backes.
6:37 of 3rd period - Stopped by Jimmy Howard without a rebound.
6:38 of 3rd period - Eric Staal wins face-off versus Derick Brassard in Blackhawks zone.
6:41 of 3rd period - Snap shot by David Backes.
6:41 of 3rd period - Deflect By John Carlson.
6:41 of 3rd period - Shot Misses the Net.
6:41 of 3rd period - Puck is out of play.
6:42 of 3rd period - Eric Staal wins face-off versus Derick Brassard in Blackhawks zone.
6:57 of 3rd period - Wrist shot by Eric Staal.
6:57 of 3rd period - Stopped by Jimmy Howard with a rebound.
6:59 of 3rd period - Snap shot by David Backes.
6:59 of 3rd period - Stopped by Jimmy Howard without a rebound.
7:00 of 3rd period - Cody Hodgson wins face-off versus Patrik Berglund in Blackhawks zone.
7:02 of 3rd period - Minor Penalty to Brad Boyes for Holding.
7:03 of 3rd period - Eric Staal wins face-off versus Antoine Roussel in Blackhawks zone.
7:17 of 3rd period - Wrist shot by Alexander Radulov.
7:17 of 3rd period - Stopped by Jimmy Howard without a rebound.
7:18 of 3rd period - Antoine Roussel wins face-off versus Eric Staal in Blackhawks zone.
7:31 of 3rd period - Antoine Roussel is hit by Sami Vatanen and loses puck.
7:49 of 3rd period - Off-side.
7:50 of 3rd period - Johnny Gaudreau wins face-off versus Eric Staal in neutral zone.
8:24 of 3rd period - Snap shot by Patrik Berglund.
8:24 of 3rd period - Goal by Patrik Berglund - Blackhawks : 5 - Flames : 4.
8:25 of 3rd period - Derick Brassard wins face-off versus Eric Staal in neutral zone.
9:04 of 3rd period - Snap shot by Johnny Gaudreau.
9:04 of 3rd period - Shot Blocked by Patrik Berglund.
9:14 of 3rd period - Patrick Marleau is hit by Jimmy Hayes and loses puck.
10:00 of 3rd period - Snap shot by Alexander Semin.
10:00 of 3rd period - Shot Misses the Net.
10:07 of 3rd period - Off-side.
10:08 of 3rd period - Cody Hodgson wins face-off versus Patrik Berglund in neutral zone.
11:10 of 3rd period - Snap shot by Colin Wilson.
11:10 of 3rd period - Stopped by Jimmy Howard with a rebound.
11:30 of 3rd period - Snap shot by David Ullstrom.
11:30 of 3rd period - Shot Blocked by Cody Hodgson.
11:50 of 3rd period - Off-side.
11:51 of 3rd period - Eric Staal wins face-off versus Derick Brassard in neutral zone.
12:27 of 3rd period - Snap shot by Alexander Semin.
12:27 of 3rd period - Shot Misses the Net.
12:35 of 3rd period - Wrist shot by Eric Staal.
12:35 of 3rd period - Deflect By David Backes.
12:35 of 3rd period - Shot Misses the Net.
12:35 of 3rd period - Puck is out of play.
12:36 of 3rd period - Patrik Berglund wins face-off versus Cody Hodgson in Blackhawks zone.
12:38 of 3rd period - Icing by Johnny Gaudreau.
12:39 of 3rd period - Cody Hodgson wins face-off versus Patrik Berglund in Blackhawks zone.
14:03 of 3rd period - Minor Penalty to Anders Lee for High sticking.
14:04 of 3rd period - Derick Brassard wins face-off versus Alexander Semin in Flames zone.
14:06 of 3rd period - Snap shot by Derick Brassard.
14:06 of 3rd period - Goal by Derick Brassard - Blackhawks : 6 - Flames : 4.
14:07 of 3rd period - Eric Staal wins face-off versus Derick Brassard in neutral zone.
15:27 of 3rd period - Minor Penalty to Alexander Semin for Roughing.
15:28 of 3rd period - Derick Brassard wins face-off versus Colin Wilson in Flames zone.
15:54 of 3rd period - Colin Wilson is hit by Cody Hodgson and loses puck.
17:26 of 3rd period - Antoine Roussel is hit by Anders Lee and loses puck.
17:27 of 3rd period - Penalty to Alexander Semin is over, Alexander Semin is back on ice.
18:00 of 3rd period - Alexander Radulov is hit by Matthew Spiller and loses puck.
18:14 of 3rd period - Icing by Gabriel Bourque.
18:15 of 3rd period - Eric Staal wins face-off versus Gustav Nyquist in Blackhawks zone.
18:22 of 3rd period - Wrist shot by David Backes.
18:22 of 3rd period - Shot Misses the Net.
18:34 of 3rd period - Colin Wilson is hit by Rick Nash.
18:58 of 3rd period - Snap shot by Brad Marchand.
18:58 of 3rd period - Stopped by Jimmy Howard without a rebound.
18:59 of 3rd period - Patrik Berglund wins face-off versus Cody Hodgson in Blackhawks zone.
19:06 of 3rd period - Snap shot by Brad Marchand.
19:06 of 3rd period - Deflect By Alexander Radulov.
19:06 of 3rd period - Shot Misses the Net.
19:06 of 3rd period - Puck is out of play.
19:07 of 3rd period - Colin Wilson wins face-off versus Tim Connolly in Blackhawks zone.
19:10 of 3rd period - Wrist shot by Steve Regier.
19:10 of 3rd period - Shot Misses the Net.
19:22 of 3rd period - Snap shot by Gustav Nyquist.
19:22 of 3rd period - Goal by Gustav Nyquist - Blackhawks : 7 - Flames : 4.
19:23 of 3rd period - Eric Staal wins face-off versus Derick Brassard in neutral zone.
19:34 of 3rd period - Slapshot by Brent Seabrook.
19:34 of 3rd period - Deflect By Sami Vatanen.
19:34 of 3rd period - Stopped by Henrik Lundqvist with a rebound.
19:38 of 3rd period - Snap shot by Derick Brassard.
19:38 of 3rd period - Shot Misses the Net.
19:54 of 3rd period - Minor Penalty to Johnny Gaudreau for Hooking.
19:55 of 3rd period - Antoine Roussel wins face-off versus Eric Staal in Blackhawks zone.
Goals for this period are 5 for Blackhawks vs 2 for Flames.
Shots for this period are 16 for Blackhawks vs 13 for Flames.